Map: [ESL] NeoHumanity

Players

Solar - Winner!

  • Race: Zerg Zerg
  • League: Master
  • Spawn Location: 11:00

Geralt (Gerald)

  • Race: Protoss Protoss
  • League: Grandmaster
  • Spawn Location: 5:00

Event: HomeStory Cup XXIII

VOD

Have the link to the VOD?

Description

Time

  • Played on: June 30, 2023, 12:41 p.m.
  • Length: 9:32

All games in this series

Show
View Real Time Build Order
Export as new Build Order

Solar Zerg - Winner!

Build Orders: Hatch First 

Get SALT Encoding   

  12  0:01  Drone  
  13  0:12  Overlord  
  13  0:17  Drone  
  14  0:30  Drone x2  
  16  0:49  Hatchery  
  15  0:52  Drone  
  15  0:55  Drone  
  17  0:58  Drone  
  18  1:09  Extractor  
  17  1:14  Spawning Pool  
  17  1:17  Drone  
  17  1:20  Drone  
  18  1:27  Drone  
  19  1:38  Drone  
  20  1:50  Overlord  
  20  2:01  Queen x2  
  22  2:02  Zergling x4  
  26  2:11  Drone  
  26  2:12  Drone  
  28  2:23  Drone  
  28  2:24  Drone  
  30  2:33  Hatchery  
  30  2:36  Drone  
  30  2:46  Drone  
  30  2:47  Overlord  
  30  2:49  Queen  
  33  2:57  Drone x3  
  36  3:04  Queen  
  38  3:09  Drone x2  
  40  3:14  Drone x2  
  40  3:16  Overlord  
  44  3:20  Drone x2  
  44  3:31  Overlord  
  44  3:35  Drone  
  44  3:40  Extractor  
  44  3:42  Metabolic Boost  
  44  3:44  Drone  
  44  3:45  Drone x5, Evolution Chamber  
  44  3:46  Queen  
  44  3:48  Drone  
  53  3:51  Queen  
  55  3:56  Drone  
  55  3:57  Overlord  
  55  4:02  Zergling x4  
  58  4:06  Overlord  
  58  4:08  Drone x3  
  61  4:11  Zerg Melee Weapons Level 1  
  61  4:13  Zergling x2  
  62  4:21  Spore Crawler  
  62  4:23  Queen  
  63  4:25  Drone, Spore Crawler  
  63  4:26  Spore Crawler  
  63  4:30  Roach Warren  
  61  4:32  Zergling x4  
  61  4:36  Baneling Nest  
  61  4:37  Drone x2  
  65  4:40  Overlord  
  65  4:42  Zergling x6  
  68  4:48  Lair  
  68  4:50  Zergling x6  
  68  4:52  Overlord  
  71  4:55  Drone x2  
  71  4:56  Drone  
  74  5:01  Drone x3  
  74  5:03  Roach Warren  
  74  5:05  Extractor x2  
  74  5:06  Drone  
  75  5:08  Drone x2  
  75  5:09  Drone  
  75  5:13  Overlord  
  78  5:17  Drone  
  78  5:19  Drone x3  
  78  5:20  Unknown  
  81  5:22  Zergling x4  
  81  5:23  Zergling x2  
  81  5:27  Drone x3  
  86  5:30  Drone  
  86  5:33  Drone x3  
  90  5:39  Drone  
  90  5:41  Drone  
  92  5:45  Hatchery, Overseer  
  92  5:47  Overseer, Glial Reconstitution  
  91  5:53  Drone x2  
  91  5:54  Drone  
  91  5:55  Overlord  
  91  5:57  Roach  
  96  5:59  Overlord  
  96  6:00  Overlord  
  96  6:03  Overlord  
  96  6:04  Overlord  
  96  6:05  Drone  
  97  6:14  Roach x4  
  97  6:16  Overlord  
  97  6:18  Overlord  
  105  6:23  Roach x5  
  114  6:29  Drone x2  
  114  6:30  Baneling Nest  
  114  6:33  Roach  
  114  6:34  Roach x3  
  114  6:37  Zerg Melee Weapons Level 2  
  122  6:40  Roach  
  122  6:46  Roach  
  122  6:47  Roach  
  128  6:48  Overlord  
  125  6:55  Zergling x4  
  125  7:00  Zergling x4  
  129  7:08  Zergling x4  
  129  7:09  Zergling x6  
  129  7:10  Zergling x10  
  129  7:12  Centrifugal Hooks  
  129  7:14  Overlord x2  
  129  7:15  Zergling x2  
  140  7:17  Roach  
  140  7:19  Roach  
  144  7:25  Zergling x4  
  144  7:28  Overlord  
  144  7:29  Zergling x2  
  147  7:32  Zergling x6  
  147  7:36  Zergling x8  
  152  7:41  Zergling x16  
  156  7:51  Zergling x4  
  158  7:55  Zergling x4  
  160  7:59  Overlord  
  160  8:00  Zergling x6  
  160  8:02  Baneling x12  
  160  8:04  Zergling x10  
  168  8:07  Zergling x10  
  168  8:08  Baneling x19  
  168  8:09  Baneling x2  
  173  8:14  Zergling x8  
  173  8:17  Baneling x6  
  173  8:18  Hatchery  
  176  8:20  Baneling x6  
  176  8:22  Zergling x4  
  176  8:24  Zergling x4  
  180  8:29  Zergling x10  
  185  8:35  Overlord  
  185  8:36  Zergling x12  
  185  8:40  Zergling x6  
  179  8:49  Roach x4  
  179  8:50  Roach  
  162  8:56  Roach  
  162  8:58  Roach x4  
  162  9:01  Zergling x2  
  162  9:02  Zergling x4  
  162  9:06  Zergling x12  
  166  9:12  Infestation Pit  
  166  9:13  Zergling x6  
  166  9:14  Zergling x2  
Show
View Real Time Build Order
Export as new Build Order

Geralt Protoss 

Build Orders: 1 Gate Expand, Zealot Archon, Archon Drop, Dark Templar Rush 

Get SALT Encoding   

  12  0:00  Probe  
  13  0:12  Probe  
  14  0:19  Pylon  
  14  0:24  Probe (Chrono Boost)  
  15  0:38  Probe (Chrono Boost)  
  15  0:39  Gateway  
  16  0:45  Probe (Chrono Boost)  
  16  0:46  Assimilator  
  17  0:54  Probe  
  18  1:06  Probe  
  19  1:18  Probe  
  19  1:25  Nexus  
  20  1:31  Cybernetics Core  
  20  1:34  Probe  
  21  1:40  Assimilator  
  21  1:46  Pylon  
  21  1:48  Probe  
  22  2:00  Probe  
  23  2:05  Adept (Chrono Boost)  
  25  2:08  Twilight Council  
  25  2:12  Probe  
  26  2:16  Warp Gate  
  26  2:24  Probe  
  26  2:25  Adept (Chrono Boost)  
  29  2:36  Probe  
  30  2:38  Probe  
  30  2:41  Robotics Facility  
  31  2:46  Stalker (Chrono Boost)  
  33  2:53  Probe x2  
  35  3:01  Gateway  
  35  3:05  Probe  
  36  3:08  Probe  
  37  3:15  Dark Shrine  
  38  3:21  Probe x2 (Chrono Boost)  
  39  3:33  Probe (Chrono Boost)  
  41  3:35  Warp Prism (Chrono Boost)  
  41  3:36  Probe (Chrono Boost)  
  41  3:38  Probe (Chrono Boost)  
  44  3:41  Pylon  
  44  3:43  Probe  
  44  3:47  Probe  
  46  3:51  Assimilator  
  46  3:53  Assimilator  
  46  3:58  Pylon  
  46  3:59  Probe x2  
  48  4:10  Nexus  
  48  4:14  Probe  
  48  4:15  Probe  
  50  4:26  Probe  
  50  4:28  Dark Templar x2  
  50  4:29  Probe  
  56  4:32  Robotics Bay  
  56  4:38  Probe  
  57  4:39  Shield Battery  
  57  4:40  Pylon  
  57  4:41  Probe  
  58  4:57  Archon  
  58  5:01  Probe x2  
  58  5:03  Forge  
  58  5:04  Pylon  
  60  5:08  Shield Battery  
  60  5:11  Dark Templar x2  
  60  5:13  Probe x2, Blink  
  66  5:21  Disruptor (Chrono Boost)  
  69  5:25  Probe x2  
  71  5:31  Protoss Ground Weapons Level 1  
  71  5:32  Probe  
  71  5:34  Pylon  
  72  5:37  Probe  
  72  5:38  Probe  
  74  5:42  Archon  
  74  5:44  Probe  
  74  5:45  Photon Cannon  
  74  5:46  Pylon  
  74  5:49  Probe  
  76  5:50  Probe  
  76  5:53  Disruptor (Chrono Boost)  
  76  5:56  Probe  
  81  5:58  Gateway  
  81  6:01  Probe  
  81  6:02  Probe  
  81  6:03  Gateway  
  83  6:05  Stalker x2  
  83  6:08  Probe  
  83  6:10  Gateway  
  86  6:19  Disruptor (Chrono Boost)  
  86  6:25  Probe  
  90  6:27  Probe  
  90  6:30  Pylon  
  90  6:31  Assimilator  
  91  6:33  Gravitic Drive (Chrono Boost)  
  91  6:34  Gateway  
  91  6:35  Assimilator  
  91  6:37  Gateway  
  91  6:39  Dark Templar x2  
  95  6:40  Probe  
  95  6:42  Pylon  
  95  6:44  Archon  
  96  6:56  Nexus  
  96  6:59  Pylon  
  96  7:00  Stalker  
  96  7:01  Stalker  
  100  7:02  Probe, Photon Cannon  
  100  7:04  Shield Battery  
  101  7:09  Probe  
  101  7:13  Gateway  
  101  7:14  Gateway  
  102  7:18  Stalker x2  
  102  7:19  Shield Battery  
  102  7:21  Disruptor (Chrono Boost)  
  106  7:25  Probe x2  
  106  7:28  Probe  
  106  7:29  Templar Archives  
  112  7:35  Stalker x2  
  116  7:45  Stalker x4  
  120  7:51  Probe  
  120  7:53  Probe  
  120  7:55  Probe  
  120  7:56  Photon Cannon  
  123  7:59  Shield Battery  
  123  8:00  Gateway  
  123  8:02  Pylon  
  123  8:04  Psionic Storm  
  123  8:07  Probe, Observer  
  123  8:10  Probe x3  
  128  8:13  Unknown  
  128  8:18  High Templar  
  128  8:19  Probe  
  131  8:23  Probe, High Templar  
  131  8:24  Photon Cannon  
  131  8:25  Immortal (Chrono Boost)  
  134  8:30  Probe  
  139  8:38  High Templar  
  139  8:39  Probe  
  142  8:44  Photon Cannon  
  141  8:54  Archon  
  104  9:05  Stalker x7  
  104  9:06  Stalker  
  100  9:19  Zealot x2  
Tags
 
Add a new tag
Caveats
  • Supply blocks, unpowered buildings, or Contaminate may cause inaccurate times.
  • Supply counts are checked every 10 seconds.